 Dungeon Crawl Stone Soup version 0.16-a0-2296-gdce89d5 (webtiles) character file.

39 smajdalf the Ruffian (level 3, -2/27 (29) HPs)
             Began as a Ghoul Warper on Nov 16, 2014.
             Slain by a hound (3 damage)
             ... on level 2 of the Dungeon.
             The game lasted 00:03:45 (1881 turns).

smajdalf the Ruffian (Ghoul Warper)                 Turns: 1881, Time: 00:03:45

HP:   -2/27 (29)    AC:  3    Str: 14    XL:     3   Next: 45%
MP:   5/5           EV: 10    Int:  9    God:
Gold: 60            SH:  0    Dex:  8    Spells: 1 memorised, 4 levels left

rFire  + . .     SeeInvis .       - Unarmed
rCold  + . .     Clarity  .     b - +0 leather armour
rNeg   + + +     SustAb   .     (no shield)
rPois  +         Gourm    .     (no helmet)
rElec  .         Spirit   .     (no cloak)
rCorr  .         Warding  .     (no gloves)
rMut   .         Stasis   .     (no boots)
MR     .....                    (no amulet)
Stlth  +.........               (no ring)
                                f - ring of protection from fire

@: rotting, not resistant to hostile enchantments, very unstealthy
A: rotting body, claws 1, carnivore 3, cold resistance 1, negative energy
resistance 3, poison resistance, slow healing 1, torment resistance, unbreathing
a: no special abilities


You were on level 2 of the Dungeon.
You were not hungry.

You visited 1 branch of the dungeon, and saw 2 of its levels.

You collected 60 gold pieces.

Inventory:

Missiles
 e - 5 tomahawks of dispersal (quivered)
Armour
 b - a +0 leather armour (worn)
Jewellery
 f - a ring of protection from fire (left claw)
Scrolls
 a - a scroll of noise {unknown}
 d - 2 scrolls of blinking
 g - a scroll of teleportation {unknown}
 i - 2 scrolls of identify {unknown}
 j - a scroll of enchant weapon {unknown}
Books
 c - a book of Spatial Translocations

   Spells                             Type                      Level
   *Apportation                       Translocation                1
   Blink                              Translocation                2
   Shroud of Golubria                 Charms/Translocation         2
   Portal Projectile                  Translocation                3
   Teleport Other                     Translocation                3
   Passage of Golubria                Translocation                4
Comestibles
 h - a slice of pizza


   Skills:
 - Level 2.1 Fighting
 - Level 0.8 Throwing
 - Level 0.8 Armour
 - Level 1.7 Dodging
 + Level 4.1 Unarmed Combat
 - Level 1.7 Spellcasting
 - Level 2.6 Translocations


You had 4 spell levels left.
You knew the following spells:

 Your Spells              Type           Power        Failure   Level  Hunger
a - Apportation           Tloc           #.........   12%         1    ##.....


Dungeon Overview and Level Annotations

Branches:
Dungeon (2/15)

Altars:


Innate Abilities, Weirdness & Mutations

Your body is rotting away.
You thrive on raw meat.
You have sharp fingernails.
You are carnivorous and can eat meat at any time.
Your flesh is cold resistant.
You are immune to negative energy.
Your system is resistant to poisons.
You heal slowly when monsters are visible.
You are immune to unholy pain and torment.
You can survive without breathing.


Message History

The hound is moderately wounded.
The hound closely misses you.
You scratch the hound.
The hound is heavily wounded.
The hound bites you but does no damage. The hound closely misses you.
You scratch the hound.
The hound is almost dead.
The hound bites you.
* * * LOW HITPOINT WARNING * * *
You barely miss the hound.
The hound is almost dead.
The hound bites you.
* * * LOW HITPOINT WARNING * * *
You aren't carrying any potions.
You aren't carrying any potions.
Unknown command.
You miss the hound.
The hound is almost dead.
The hound bites you.
You die...

######## #
##......##
#.#.######..####..##
#..........##.###..#
#.#....<..##...###.#
######.## #.h##.#
#.....# #.@#.##
#.##.## #.....# #.#
##....# #.# #....#
#.# ##...# #.# #####
#.# #.# #..


You could see a hound (bleeding).

Vanquished Creatures
  An adder (D:1)
  5 bats (D:1)
  2 goblins
  4 hobgoblins (D:1)
  3 jackals (D:1)
  A kobold (D:1)
  2 giant cockroaches (D:1)
  2 giant geckos (D:1)
  3 giant newts (D:1)
  4 rats (D:1)
27 creatures vanquished.

Notes
Turn   | Place    | Note
--------------------------------------------------------------
     0 | D:1      | smajdalf, the Ghoul Warper, began the quest for the Orb.
     0 | D:1      | Reached XP level 1. HP: 17/17 MP: 2/2
   277 | D:1      | Reached XP level 2. HP: 21/23 MP: 3/3
   298 | D:1      | Reached skill level 3 in Unarmed Combat
  1004 | D:1      | Reached XP level 3. HP: 20/27 MP: 5/5
  1741 | D:1      | Reached skill level 4 in Unarmed Combat
  1880 | D:2      | HP: 1/27 [hound (2)]
  1881 | D:2      | Slain by a hound

Action                   || total
-------------------------++-------
Melee: Unarmed           ||   121
  Eat: Chunk             ||    16
